AoeStats
← Dinsomnia

Nomad

505943113Analyzed
4v4 RM · 19d ago on Sep 11, 2026· 44m 51s· 8 players
Game mode
Random Map
Map size
231×231
Population
200
Speed
Normal
Resources
Standard
Victory
Conquest
Starting age
Dark Age
Ending age
Imperial Age
RankedLock teamsTeams togetherTeam positionsShared explorationLock speedFull tech treeHidden civsTurbo modeCheats
Victory
Defeat
🇨🇦 Vietnamese · Canada
1156
+15
🇺🇸 Italians · United States
1141
+16
🇲🇽 Berbers · Mexico
1115
+17
🇩🇪 Malay · Germany
1103
+17
🇦🇷 Sicilians · Argentina
1171
-18
🇰🇷 Vikings · South Korea
1158
-17
🇳🇱 Poles · Netherlands
1108
-15
🇬🇧 Ethiopians · United Kingdom
1103
-15
Delision4979
4:29 Loom
15:21 Feudal Age
15:56 Double-Bit Axe
18:44 Castle Age
16:26 Fishing Lines
17:33 Fletching
17:51 Town Watch
18:43 Wheelbarrow
20:06 Bodkin Arrow
20:12 Padded Archer Armor
20:56 Wheelbarrow
22:53 Thumb Ring
24:28 Ballistics
25:00 Hand Cart
25:09 Gold Mining
27:01 Horse Collar
28:08 Leather Archer Armor
30:17 Medium Warships
30:59 Heavy Plow
34:14 Bow Saw
37:11 Imperial Age
34:47 Stone Mining
35:13 Masonry
42:10 Bracer
43:14 Elite Genoese Crossbowman
45:23 Bow Saw
Livid Turtle
4:41 Loom
14:01 Feudal Age
14:44 Town Watch
15:35 Wheelbarrow
14:59 Fishing Lines
15:32 Gold Mining
16:54 Double-Bit Axe
21:52 Castle Age
20:14 Fletching
20:24 Padded Archer Armor
22:02 Elite Skirmisher
22:49 Thumb Ring
22:07 Crossbowman
22:51 Town Patrol
23:06 Hand Cart
23:23 Bow Saw
24:16 Gillnets
25:50 Ballistics
27:06 Horse Collar
28:50 Heavy Plow
30:01 Bodkin Arrow
37:02 Imperial Age
36:29 Leather Archer Armor
36:12 Murder Holes
36:19 Stone Mining
39:15 Chemistry
39:34 Bracer
40:11 Ring Archer Armor
42:13 Paper Money
42:53 Elite Rattan Archer
natansdr
4:18 Loom
14:22 Feudal Age
14:16 Town Watch
17:32 Double-Bit Axe
17:30 Horse Collar
21:44 Castle Age
21:21 Forging
21:34 Fletching
24:20 Horse Collar
25:46 Heavy Plow
Tlacaelel.MX
5:38 Loom
13:45 Feudal Age
14:13 Double-Bit Axe
16:54 Town Watch
19:35 Castle Age
19:41 Castle Age
18:25 Forging
19:35 Wheelbarrow
19:04 Fishing Lines
24:53 Scale Barding Armor
25:53 Fletching
28:47 Hand Cart
28:58 Medium Warships
30:33 Clinker Construction
30:55 Stone Mining
30:58 Gold Mining
33:23 Bloodlines
34:58 Light Cavalry
35:47 Husbandry
36:28 Ballistics
36:11 Padded Archer Armor
37:42 Murder Holes
38:21 Bodkin Arrow
40:04 Masonry
44:10 Imperial Age
41:47 Gillnets
44:45 Iron Casting
44:32 Chain Barding Armor
44:22 Town Patrol
45:01 Leather Archer Armor
44:45 Capped Ram
Dinsomnia
5:06 Loom
14:00 Feudal Age
18:27 Castle Age
16:51 Double-Bit Axe
17:40 Fletching
19:03 Gold Mining
19:28 Bow Saw
20:40 Bodkin Arrow
22:38 Scale Mail Armor
22:34 Horse Collar
24:43 Chain Mail Armor
27:41 Medium Warships
37:07 Forging
40:26 Imperial Age
40:29 Padded Archer Armor
41:04 Ballistics
41:13 Squires
41:00 Arson
41:01 Gambesons
40:49 Elite Skirmisher
41:30 Bracer
41:46 Leather Archer Armor
42:05 Conscription
44:00 Chemistry
45:16 Bogsveigar
R4W
5:48 Loom
15:17 Feudal Age
22:22 Castle Age
20:19 Fletching
21:56 Padded Archer Armor
23:11 Bodkin Arrow
22:38 Crossbowman
35:08 Scale Mail Armor
35:19 Forging
vandeblaffer
3:42 Loom
15:02 Feudal Age
16:21 Wheelbarrow
19:59 Castle Age
18:56 Double-Bit Axe
21:36 Horse Collar
22:09 Bow Saw
25:33 Bloodlines
25:24 Husbandry
26:52 Fletching
27:11 Szlachta Privileges
27:48 Forging
27:52 Scale Barding Armor
28:09 Husbandry
31:33 Chain Barding Armor
41:26 Imperial Age
39:17 Scale Mail Armor
40:29 Heavy Plow
41:11 Iron Casting
41:57 Chain Mail Armor
43:31 Plate Mail Armor
43:25 Masonry
45:01 Blast Furnace
Gederico
9:54 Loom
12:22 Loom
16:49 Feudal Age
22:30 Castle Age
21:09 Double-Bit Axe
21:23 Fishing Lines
24:22 Scale Mail Armor
35:29 Wheelbarrow
37:05 Gold Mining
38:11 Forging
41:18 Bow Saw
Connection lost

Rejoining the realm…

Still unreachable

The connection could not be restored.

Session expired

The server has moved on; the page needs a fresh start.